AoeStats
← b站江条

Arabia

509453627Analyzed
1v1 RM · 5d ago on Sep 26, 2026· 53m 8s· 2 players
Game mode
Random Map
Map size
Tiny (2 player)
Population
200
Speed
Normal
Resources
Standard
Victory
Conquest
Starting age
Dark Age
Ending age
Imperial Age
RankedLock teamsTeams togetherTeam positionsShared explorationLock speedFull tech treeHidden civsTurbo modeCheats
Victory
Defeat
🇨🇳 Maya · China
1377
+16
🇺🇸 Jurchens · United States
1370
-16
Rayner
6:02 Loom
8:28 Feudal Age
9:48 Double-Bit Axe
10:16 Horse Collar
15:15 Fletching
16:46 Wheelbarrow
17:20 Padded Archer Armor
21:33 Castle Age
19:50 Gold Mining
22:11 Bodkin Arrow
21:40 Elite Skirmisher
23:20 Scale Barding Armor
25:58 Ballistics
27:20 Leather Archer Armor
28:51 Bow Saw
30:54 Siege Engineers
33:14 Heavy Plow
37:00 Scale Barding Armor
37:06 Forging
37:38 Stone Mining
41:03 Imperial Age
38:57 Chain Barding Armor
39:23 Forging
41:14 Iron Casting
41:47 Bracer
42:30 Plate Barding Armor
43:17 Blast Furnace
43:07 Ring Archer Armor
45:23 Chemistry
44:40 Husbandry
44:51 Bloodlines
45:05 Light Cavalry
46:52 Elite Iron Pagoda
47:53 Conscription
51:51 Fortified Bastions
52:39 Hand Cart
b站江条
0:25 Loom
8:48 Feudal Age
11:30 Double-Bit Axe
14:19 Horse Collar
18:03 Fletching
19:52 Wheelbarrow
22:35 Castle Age
21:25 Padded Archer Armor
21:19 Gold Mining
22:53 Crossbowman
23:31 Bodkin Arrow
25:47 Bow Saw
25:58 Leather Archer Armor
29:15 Hand Cart
30:33 Stone Mining
35:18 Imperial Age
33:24 Ballistics
34:40 Thumb Ring
36:03 Heavy Plow
36:08 Bracer
37:53 Two-Man Saw
38:04 Guilds
37:32 Arbalester
40:17 Conscription
41:02 Ring Archer Armor
41:47 Chemistry
44:54 Holcans
43:46 Eagle Warrior
44:27 Squires
44:29 Scale Mail Armor
44:40 Forging
45:20 Crop Rotation
47:39 Chain Mail Armor
47:59 Iron Casting
46:48 Elite Eagle Warrior
49:04 Plate Mail Armor
48:53 Treadmill Crane
50:35 Blast Furnace
50:12 Town Watch
51:09 Hoardings
50:47 Masonry
Connection lost

Rejoining the realm…

Still unreachable

The connection could not be restored.

Session expired

The server has moved on; the page needs a fresh start.